 Dungeon Crawl Stone Soup version 0.22-a0-369-gc73351f (webtiles) character file.

74275 b5mith the Warrior (level 15, 0/152 HPs)
             Began as a Minotaur Berserker on Apr 24, 2018.
             Was a High Priest of Trog.
             Succumbed to a meliai's poison
             ... on level 4 of the Lair of Beasts.
             The game lasted 00:58:09 (22727 turns).

b5mith the Warrior (Minotaur Berserker)            Turns: 22727, Time: 00:58:09

Health: 0/152      AC:  0    Str: 26    XL:     15   Next: 6%
Magic:  14/14      EV: 21    Int:  4    God:    Trog [*****.]
Gold:   1220       SH:  5    Dex: 12    Spells: 14/14 levels left

rFire    . . .     SeeInvis .   (weapon currently unavailable)
rCold    . . .     Gourm    .   (shield currently unavailable)
rNeg     . . .     Faith    .   (armour currently unavailable)
rPois    .         Spirit   .   (helmet currently unavailable)
rElec    .         Reflect  +   (cloak currently unavailable)
rCorr    .         Harm     .   (gloves currently unavailable)
MR       +....                  (boots currently unavailable)
Stlth    +.........             D - +5 amulet of reflection
HPRegen  0.35/turn              (ring currently unavailable)
MPRegen  0.14/turn              (ring currently unavailable)

@: lethally poisoned (0 -> -17), pig-form, very quick
A: small, (retaliatory headbutt)
a: Berserk, Trog's Hand, Brothers in Arms, Renounce Religion


You were on level 4 of the Lair of Beasts.
You worshipped Trog.
Trog was extremely pleased with you.
You were not hungry.
You were a filthy swine.
You visited 2 branches of the dungeon, and saw 19 of its levels.

You collected 1396 gold pieces.
You spent 176 gold pieces at shops.

Inventory:

Hand Weapons
 a - a +7 morningstar of protection (melded)
   (Trog gifted it to you on level 13 of the Dungeon)
 b - a +2 hunting sling of freezing
   (You bought it in a shop on level 7 of the Dungeon)
 J - a +4 antimagic eveningstar
   (Trog gifted it to you on level 15 of the Dungeon)
Missiles
 d - 3 throwing nets
 w - 96 sling bullets
 G - 19 tomahawks (quivered)
Armour
 f - a +4 chain mail of cold resistance (melded)
   (You found it on level 8 of the Dungeon)
 g - a +2 buckler (melded)
   (You found it on level 1 of the Dungeon)
 h - a +2 cloak (melded)
   (You took it off Crazy Yiuf on level 3 of the Dungeon)
 t - a +2 pair of gloves of strength (melded)
   (You found it on level 15 of the Dungeon)
 v - the +1 pair of boots of Nemelex Xobeh's Favour {MP+9, unknown}
   (You found it on level 4 of the Lair of Beasts)

   It affects your magic capacity (+9).
 V - a +0 pair of boots (melded)
   (You found it on level 2 of the Lair of Beasts)
Jewellery
 o - an uncursed ring of protection from fire
   (You found it on level 2 of the Dungeon)
 q - a ring of positive energy (melded)
   (You found it on level 4 of the Dungeon)
 u - a ring of poison resistance (melded)
   (You found it on level 3 of the Dungeon)
 D - a +5 amulet of reflection (around neck)
   (You found it on level 5 of the Dungeon)
 Q - an uncursed ring of wizardry {unknown}
   (You found it on level 3 of the Lair of Beasts)
 W - an uncursed ring of flight
   (You found it on level 14 of the Dungeon)
Wands
 e - a wand of disintegration (30)
   (You found it on level 8 of the Dungeon)
 B - a wand of flame (15)
   (You found it on level 8 of the Dungeon)
 C - a wand of digging (8)
   (You found it on level 13 of the Dungeon)
 M - a wand of clouds (2)
   (You found it on level 10 of the Dungeon)
 R - a wand of acid (23)
   (You found it on level 10 of the Dungeon)
Scrolls
 j - 2 scrolls of noise {unknown}
 k - 6 scrolls of teleportation
 p - 4 scrolls of identify {@r1}
 s - 2 scrolls of magic mapping
 y - 6 scrolls of remove curse {@r2}
 A - a scroll of amnesia {unknown}
 E - 2 scrolls of fear
 I - 2 scrolls of fog
 U - a scroll of vulnerability {unknown}
 Y - a scroll of blinking
 Z - a scroll of summoning {unknown}
Potions
 i - a potion of berserk rage
 l - 6 potions of curing {@q1}
 m - 5 potions of might
 n - 2 potions of flight
 x - a potion of heal wounds
 z - 2 potions of agility
 H - a potion of resistance {unknown}
 L - 2 potions of invisibility
 N - a potion of ambrosia {unknown}
 O - 3 potions of brilliance
 P - a potion of mutation {unknown}
 S - a potion of haste {unknown}
Comestibles
 c - 36 rations
 r - 5 chunks of flesh


   Skills:
 + Level 19.2 Fighting
 - Level 16.0 Maces & Flails
 + Level 12.8 Armour
 + Level 11.8 Dodging
 - Level 5.9 Shields


You had 14 spell levels left.
You didn't know any spells.

Dungeon Overview and Level Annotations

Branches:
Dungeon (15/15)            Temple (0/1) D:5            Lair (4/6) D:9
  Swamp (0/4) Lair:2        Snake (0/4) Lair:4          Orc (0/2) D:12
 Vaults (0/5) D:14         Depths (0/5) D:15

Altars:
Cheibriados
Elyvilon
Fedhas
Hepliaklqana
Kikubaaqudgha
Nemelex Xobeh
Ru
Uskayaw

Shops:
D:5 (   D:7 (   D:8 }   D:10 :%   D:12 (   D:13 =

Annotations:
D:2 exclusion: oklob plant
Lair:4 Kirke


Innate Abilities, Weirdness & Mutations

((You reflexively headbutt those who attack you in melee.))
((You have a pair of horns on your head.))


Message History

The black mamba is engulfed in a cloud of scalding steam.
The black mamba completely misses you.
A meliai comes into view. It is wielding a hand axe.
A killer bee comes into view.
You feel sick.
The killer bee is engulfed in calcifying dust.
The killer bee stops moving altogether!
The basilisk hisses menacingly.
The meliai is engulfed in calcifying dust.
The meliai is moving more slowly.
You block the meliai's attack. The meliai misses you. The wyvern misses you.
The killer bee is engulfed in calcifying dust.
A rime drake comes into view.
You feel sick.
The rime drake hisses angrily.
You block the killer bee's attack.
The hippogriff is engulfed in a cloud of scalding steam.
The meliai is engulfed in calcifying dust.
The meliai stops moving altogether!
The killer bee is engulfed in calcifying dust.
The rime drake moves out of view.
You block the killer bee's attack.
You feel sick.
The meliai is engulfed in calcifying dust.
The killer bee is engulfed in calcifying dust.
The wyvern closely misses you. The lindwurm bites you.
* * * LOW HITPOINT WARNING * * *
The lindwurm completely misses you. The lindwurm barely misses you.
The black mamba misses you.
The meliai is engulfed in calcifying dust.
You feel sick.
The killer bee is engulfed in calcifying dust.
The meliai is engulfed in calcifying dust.
The killer bee is engulfed in calcifying dust.
A crocodile comes into view.
You feel sick. The meliai closely misses you. x2
As you read the scroll of teleportation, it crumbles to dust.
You feel strangely stable.
You feel sick. The meliai hits you with a hand axe!
* * * LOW HITPOINT WARNING * * *
The meliai stings you!
* * * LOW HITPOINT WARNING * * *
You are more poisoned.
The meliai poisons you!
Kirke points at you and mumbles some strange words.
You feel a momentary urge to oink. The killer bee closely misses you.
The meliai closely misses you. The meliai stings you.
* * * LOW HITPOINT WARNING * * *
* * * LOW HITPOINT WARNING * * *
You feel sick.
The killer bee completely misses you. x2
The wyvern barely misses you.
You die...

#...#.........# #....#
###..P........# #....#
.##....(......# #....#
.##...P......y##########
..#...#.......@..##....#
...P.................#.#
..P.....#..............#
....#......D............
...........###l⌠h.......
.......###H.Hyy.t.......
....#####.y.lS#y#.##....
...## #...Y.k#l.# ...
.### #........y..## . ##
#..#y.#k##...# # ..
#...#..#.## #.... .. .#
...#.# #. ##


You could see Kirke, a catoblepas, a lindwurm, 2 hippogriffs, a black mamba, a
basilisk, a steam dragon, a crocodile, a wyvern, 2 meliai and 4 killer bees.

Vanquished Creatures
  Frances (D:12)
  An emperor scorpion (D:15)
  Azrael (D:12)
  A dire elephant (D:15)
  Josephine (D:13)
  A vault guard (D:14)
  A rakshasa (D:14)
  Harold (Lair:4)
  5 hydras
  An ogre mage (D:15)
  8 centaur warriors
  8 two-headed ogres
  A deep troll earth mage (D:12)
  2 unseen horrors (D:13)
  A flayed ghost (D:12)
  2 wizards
  3 necromancers (D:14)
  2 orc knights
  2 wolf spider zombies (D:15)
  2 deep elf magi (D:12)
  7 ugly things
  3 manticores
  6 slime creatures
  3 cyclopes
  An elephant (Lair:4)
  4 gargoyles
  A naga mage (D:15)
  2 spiny frogs
  3 rime drakes
  A yaktaur (D:14)
  An efreet (D:15)
  4 komodo dragons
  A troll (shapeshifter) (D:10)
  6 trolls
  8 blink frogs
  A queen bee (D:8)
  4 meliai
  2 tyrant leeches (Lair:2)
  A hornet (D:7)
  A raiju (shapeshifter) (D:15)
  13 hippogriffs
  A centaur simulacrum (D:15)
  3 shadows
  A vampire (D:15)
  10 wyverns
  3 fire elementals
  30 yaks
  5 wraiths
  Sigmund (D:4)
  The ghost of Stello111 the Slasher, an amateur MiMo of Nemelex Xobeh (D:4)
  3 basilisks
  4 hogs
  18 humans
  5 hungry ghosts
  3 nagas (Lair:4)
  11 vampire mosquitoes
  2 swamp worms (Lair:2)
  6 hell hounds
  9 porcupines
  8 water moccasins
  3 ice beasts
  6 ogres
  12 orc warriors
  2 phantoms (D:11)
  4 necrophages
  5 centaurs
  10 crocodiles
  A big kobold (D:12)
  A gnoll sergeant (D:12)
  15 bullfrogs
  A wyvern zombie (D:7)
  A wyvern skeleton (D:8)
  9 scorpions
  34 killer bees
  An electric eel (D:15)
  6 wights
  2 howler monkeys (D:5)
  4 crimson imps
  5 centaur zombies
  A bullfrog zombie (D:5)
  8 hounds
  6 jellies
  5 orc priests
  Crazy Yiuf (D:3)
  5 centaur skeletons
  10 orc wizards
  5 bullfrog skeletons
  6 iguanas
  11 worker ants
  A hound skeleton (D:5)
  A worker ant zombie (D:6)
  18 adders
  10 gnolls
  2 shadow imps
  An ooze (D:4)
  2 adder zombies
  2 adder skeletons
  3 worms
  A dart slug (D:5)
  3 leopard geckos
  49 orcs
  4 bats
  4 giant cockroaches
  5 goblins
  4 hobgoblins
  13 jackals
  7 kobolds
  4 quokkas
  2 ball pythons
  3 frilled lizards
  2 jackal zombies
  3 leopard gecko skeletons
  A quokka zombie (D:6)
  8 rats
575 creatures vanquished.

Vanquished Creatures (others)
  An unseen horror (D:14)
  2 centaurs (D:6)
  A killer bee (Lair:4)
  An orc (D:15)
  2 fungi
  16 plants (Lair:4)
23 creatures vanquished.

Grand Total: 598 creatures vanquished

Notes
Turn   | Place    | Note
-------+----------+-------------------------------------------
     0 | D:1      | b5mith the Minotaur Berserker began the quest for the Orb.
     0 | D:1      | Reached XP level 1. HP: 19/19 MP: 0/0
    17 | D:1      | Reached skill level 4 in Fighting
    17 | D:1      | Reached XP level 2. HP: 27/27 MP: 1/1
   888 | D:2      | Reached XP level 3. HP: 31/34 MP: 2/2
   935 | D:2      | Reached ** piety under Trog
  1205 | D:2      | Found a blossoming altar of Fedhas.
  1229 | D:2      | Noticed an oklob plant
  1939 | D:3      | Reached skill level 5 in Maces & Flails
  1939 | D:3      | Reached XP level 4. HP: 41/41 MP: 3/3
  1970 | D:3      | Reached skill level 5 in Fighting
  2330 | D:3      | Found a runed door.
  2566 | D:3      | Reached XP level 5. HP: 46/48 MP: 4/4
  2707 | D:3      | Noticed Crazy Yiuf
  2709 | D:3      | Killed Crazy Yiuf
  2744 | D:4      | Noticed Stello111's ghost (amateur MiMo)
  2751 | D:3      | Reached skill level 6 in Fighting
  2807 | D:4      | Killed Stello111's ghost
  2807 | D:4      | Reached XP level 6. HP: 57/58 MP: 5/5
  2886 | D:4      | Noticed Sigmund
  2893 | D:4      | Killed Sigmund
  2893 | D:4      | Reached skill level 7 in Fighting
  2893 | D:4      | Reached XP level 7. HP: 58/66 MP: 6/6
  3056 | D:4      | Got a brightly glowing leather armour
  3132 | D:4      | Identified the cursed +1 leather armour "Avalemur" {*Slow Regen+ Str-4 Dex+6} (You found it on level 4 of the Dungeon)
  3167 | D:4      | Reached *** piety under Trog
  3341 | D:5      | Entered Level 5 of the Dungeon
  3341 | D:5      | Found a hazy altar of Hepliaklqana.
  3419 | D:5      | Reached skill level 8 in Fighting
  3545 | D:5      | Found a snail-covered altar of Cheibriados.
  3611 | D:5      | Found Jirhoc's Weapon Boutique.
  3626 | D:5      | Found a staircase to the Ecumenical Temple.
  3661 | D:5      | Reached skill level 1 in Shields
  3859 | D:5      | Reached XP level 8. HP: 74/75 MP: 7/7
  4200 | D:6      | Found a hide-covered altar of Uskayaw.
  4593 | D:6      | Reached skill level 9 in Fighting
  4668 | D:6      | Reached skill level 5 in Shields
  5104 | D:7      | Found Feraeloz's Weapon Shoppe.
  5107 | D:7      | Bought a +2 hunting sling of freezing for 176 gold pieces
  5130 | D:7      | Reached **** piety under Trog
  5281 | D:7      | Reached XP level 9. HP: 85/85 MP: 8/8
  5385 | D:7      | Reached skill level 10 in Fighting
  5385 | D:7      | Reached skill level 10 in Maces & Flails
  6029 | D:8      | Reached skill level 11 in Fighting
  6050 | D:8      | Noticed a two-headed ogre
  6062 | D:8      | Killed a two-headed ogre
  6346 | D:8      | Reached XP level 10. HP: 96/96 MP: 9/9
  6614 | D:8      | Reached skill level 12 in Fighting
  6638 | D:8      | Reached ***** piety under Trog
  7094 | D:8      | Found Firphaxt's Gadget Boutique.
  7386 | D:8      | Noticed a two-headed ogre
  7395 | D:8      | Killed a two-headed ogre
  7395 | D:8      | Reached skill level 13 in Fighting
  7860 | D:9      | Received a gift from Trog
  8002 | D:9      | Found a staircase to the Lair.
  8158 | D:9      | Noticed a seven-headed hydra
  8169 | D:9      | Killed a seven-headed hydra
  8169 | D:9      | Reached XP level 11. HP: 67/106 MP: 10/10
  8455 | D:9      | Noticed a two-headed ogre
  8463 | D:9      | Killed a two-headed ogre
  8463 | D:9      | Reached skill level 14 in Fighting
  8841 | D:10     | Entered Level 10 of the Dungeon
  8850 | D:10     | Found Onuuguve's Food Shop.
  9593 | D:10     | Reached skill level 15 in Fighting
  9593 | D:10     | Reached skill level 15 in Maces & Flails
  9596 | D:10     | Found Lumuywec's Book Shoppe.
  9775 | D:10     | Noticed a two-headed ogre
  9782 | D:10     | Killed a two-headed ogre
 10213 | D:11     | Reached XP level 12. HP: 119/120 MP: 11/11
 10379 | D:11     | Received a gift from Trog
 10767 | D:12     | Found Waunk's Weapon Shoppe.
 10784 | D:12     | Found a staircase to the Orcish Mines.
 10854 | D:12     | Found a sacrificial altar of Ru.
 10854 | D:12     | Found a sparkling altar of Nemelex Xobeh.
 10854 | D:12     | Noticed a deep troll earth mage
 10923 | D:12     | Reached skill level 16 in Fighting
 10972 | D:12     | Killed a deep troll earth mage
 10972 | D:12     | Reached skill level 5 in Armour
 11286 | D:12     | Noticed Azrael
 11376 | D:12     | Noticed Frances
 11757 | D:12     | Found a white marble altar of Elyvilon.
 11763 | D:12     | Reached skill level 5 in Dodging
 11980 | D:12     | Killed Frances
 12010 | D:12     | Killed Azrael
 12339 | D:12     | Found an ancient bone altar of Kikubaaqudgha.
 12621 | D:13     | Noticed a centaur warrior
 12632 | D:13     | Killed a centaur warrior
 12632 | D:13     | Received a gift from Trog
 12632 | D:13     | Reached XP level 13. HP: 126/130 MP: 4/12
 12912 | D:13     | Reached skill level 17 in Fighting
 13262 | D:13     | Found Xale's Jewellery Emporium.
 13473 | D:14     | Noticed Josephine
 16830 | D:13     | Killed Josephine
 17474 | D:14     | Received a gift from Trog
 17475 | D:14     | Reached skill level 10 in Armour
 17559 | D:14     | Found a gate to the Vaults.
 17795 | D:14     | Reached XP level 14. HP: 141/141 MP: 13/13
 17841 | D:15     | Entered Level 15 of the Dungeon
 17852 | D:15     | Reached skill level 18 in Fighting
 18329 | D:15     | Reached skill level 10 in Dodging
 18474 | D:15     | Found a staircase to the Depths.
 18475 | D:15     | Noticed an emperor scorpion
 18505 | D:15     | Killed an emperor scorpion
 18601 | D:15     | Received a gift from Trog
 19558 | Lair:1   | Entered Level 1 of the Lair of Beasts
 19816 | Lair:1   | Got a jewelled scale mail
 19817 | Lair:1   | Identified the cursed +0 scale mail of Seazil {rF+ rCorr} (You found it on level 1 of the Lair of Beasts)
 20705 | Lair:2   | Found a staircase to the Swamp.
 21834 | Lair:4   | Noticed Harold
 21847 | Lair:4   | Killed Harold
 21847 | Lair:4   | Reached skill level 19 in Fighting
 21930 | Lair:4   | Noticed Kirke
 22459 | Lair:4   | Got a pair of translucent boots
 22525 | Lair:4   | Reached XP level 15. HP: 152/152 MP: 14/14
 22567 | Lair:4   | Found a staircase to the Snake Pit.
 22725 | Lair:4   | HP: 4/152 [meliai/hand axe (10)]
 22727 | Lair:4   | Succumbed to a meliai's poison

Vault maps used:
D:1:      dpeg_arrival_tiny_a, kennysheep_boxes
D:2:      minmay_wonky_spiral, tgw_fedhas, first_ration, corexii_corridor_pit,
          hex_intersection
D:3:      uniq_crazy_yiuf_cottage
D:4:      uniq_sigmund
D:5:      minmay_temple_entry_hall, basic_altar, serial_shops, kennysheep_mini,
          kennysheep_slug_shrine
D:6:      nicolae_whirlpool, basic_altar
D:7:      serial_shops, shop, kennysheep_generic_room_14
D:8:      serial_shops, kennysheep_little_box, david_nohive_1
D:9:      lair_entry_dummy
D:10:     serial_shops, shop, shop, kennysheep_generic_room_13
D:12:     orc_david_3, hangedman_feature_mirror, nrook_mini_vaults,
          jmf_multi_god_temple, uniq_azrael, uniq_frances
D:13:     serial_shops, nicolae_shop_behind_doors
D:14:     grunt_vaults_entry_tiered, uniq_josephine
D:15:     hangedman_depths_entry_try_elsewhere_first, serial_park_gazebo
Lair:2:   minmay_swamp_entry_worms, grunt_megastairs_4
Lair:3:   lemuel_fruit_fields
Lair:4:   regret_index_wax_grids, minmay_snake_entry_guardpost_small,
          special_room, uniq_harold, uniq_kirke

Skill      XL: |  1  2  3  4  5  6  7  8  9 10 11 12 13 14 |
---------------+-------------------------------------------+-----
Fighting       | 4 5 6 7 8 9 11 13 15 16 17 19 | 19.2
Maces & Flails | 4 5 6 7 8 9 11 13 15 16 | 16.0
Shields        | 1 5 |  5.9
Armour         | 7 10 12 | 12.8
Dodging        | 6 9 11 | 11.8

Action                   |  1- 3 |  4- 6 |  7- 9 | 10-12 | 13-15 || total
-------------------------+-------+-------+-------+-------+-------++-------
Melee: Mace              |    66 |    25 |   200 |   451 |       ||   742
       Headbutt          |    10 |     9 |    52 |   175 |   166 ||   412
       Flail             |       |    25 |   100 |       |       ||   125
       Demon whip        |       |       |       |   257 |       ||   257
       Morningstar       |       |       |       |       |   619 ||   619
       Eveningstar       |       |       |       |       |    96 ||    96
       Unarmed           |       |       |       |       |    13 ||    13
 Fire: Hunting sling     |       |       |    53 |    13 |       ||    66
Invok: Berserk           |     1 |     1 |       |     7 |     1 ||    10
  Use: Scroll            |       |     5 |     2 |    20 |    12 ||    39
       Potion            |       |       |     1 |     6 |     3 ||    10
 Stab: Sleeping          |     1 |       |       |       |       ||     1
  Eat: Chunk             |     4 |     4 |    13 |    23 |    21 ||    65
       Ration            |       |       |       |     3 |     3 ||     6
Armor: Animal skin       |    13 |     4 |     1 |       |       ||    18
       Scale mail        |       |       |    87 |       |       ||    87
       Chain mail        |       |       |       |   217 |   315 ||   532
Dodge: Dodged            |    32 |    30 |   104 |   159 |   298 ||   623
Block: Buckler           |    14 |     7 |   148 |   304 |   400 ||   873
       Reflection        |       |       |     8 |     9 |    25 ||    42
       Other             |       |       |       |       |     8 ||     8

Table legend:
 A = Spawn XP
 B = Non-spawn XP
 C = Spawn XP percentage of total XP
 D = Spawn monster count
 E = Non-spawn monster count
 F = Spawn count percentage of total count
 G = Total turns spent on level
                    A         B        C        D         E        F      G
               +---------+---------+-------+---------+---------+-------+---------
         Total |       0 |  106108 |   0.0 |       0 |     579 |   0.0 | 22727
               +---------+---------+-------+---------+---------+-------+---------
           D:1 |       0 |      30 |   0.0 |       0 |      20 |   0.0 |   776
           D:2 |       0 |      56 |   0.0 |       0 |      17 |   0.0 |  1035
           D:3 |       0 |     241 |   0.0 |       0 |      22 |   0.0 |   979
           D:4 |       0 |     649 |   0.0 |       0 |      20 |   0.0 |   551
           D:5 |       0 |     524 |   0.0 |       0 |      23 |   0.0 |   750
           D:6 |       0 |     960 |   0.0 |       0 |      29 |   0.0 |   958
           D:7 |       0 |    1734 |   0.0 |       0 |      32 |   0.0 |   950
           D:8 |       0 |    5000 |   0.0 |       0 |      51 |   0.0 |  1783
           D:9 |       0 |    3908 |   0.0 |       0 |      24 |   0.0 |  1070
          D:10 |       0 |    6749 |   0.0 |       0 |      45 |   0.0 |  1157
          D:11 |       0 |    5091 |   0.0 |       0 |      35 |   0.0 |  1144
          D:12 |       0 |   12790 |   0.0 |       0 |      46 |   0.0 |  1480
          D:13 |       0 |   10843 |   0.0 |       0 |      26 |   0.0 |  4351
          D:14 |       0 |   15922 |   0.0 |       0 |      51 |   0.0 |   956
          D:15 |       0 |   22271 |   0.0 |       0 |      50 |   0.0 |  1618
        Lair:1 |       0 |    5241 |   0.0 |       0 |      21 |   0.0 |   832
        Lair:2 |       0 |    2586 |   0.0 |       0 |      13 |   0.0 |   606
        Lair:3 |       0 |    2904 |   0.0 |       0 |      15 |   0.0 |  1036
        Lair:4 |       0 |    8609 |   0.0 |       0 |      39 |   0.0 |   695
               +---------+---------+-------+---------+---------+-------+---------
